 Dungeon Crawl Stone Soup version 0.16.0-8-gd9ae3a8 (console) character file.

297 gw the Magician (level 6, -5/45 HPs)
             Began as a Vampire Fire Elementalist on Mar 16, 2015.
             Slain by gw's ghost (9 damage)
             ... on level 4 of the Dungeon.
             The game lasted 00:04:17 (7308 turns).

gw the Magician (Vampire Fire Elementalist)         Turns: 7308, Time: 00:04:17

Health: -5/45      AC:  4    Str:  7      XL:     6   Next: 12%
Magic:  2/13       EV: 11    Int: 19      God:
Gold:   164        SH:  0    Dex: 13 (14) Spells: 3 memorised, 4 levels left

rFire  . . .     SeeInvis +     b - +1 dagger
rCold  . . .     Clarity  .     i - +0 leather armour
rNeg   + . .     SustAb   .     (no shield)
rPois  .         Gourm    .     (no helmet)
rElec  .         Spirit   .     (no cloak)
rCorr  .         Warding  .     (no gloves)
rMut   .         Stasis   .     (no boots)
MR     .....                    (no amulet)
Stlth  ++........               (no ring)
                                (no ring)

@: not resistant to hostile enchantments, unstealthy
A: bottle blood, fangs 3, rugged brown scales 1, see invisible, unbreathing
a: Bat Form


You were on level 4 of the Dungeon.
You were not thirsty.

You visited 1 branch of the dungeon, and saw 4 of its levels.

You collected 164 gold pieces.

Inventory:

Hand weapons
 b - a +1 dagger (weapon)
Missiles
 e - 120 stones
 g - 3 poisoned needles
 n - 6 curare-tipped needles
 o - 10 tomahawks (quivered)
Armour
 i - a +0 leather armour (worn)
Scrolls
 a - a scroll of noise
 j - 3 scrolls of teleportation
Potions
 c - a potion of magic
 d - a potion of mutation {unknown}
 f - a potion of curing
Books
 k - a book of Flames

   Spells                             Type                      Level
   a - Flame Tongue                   Conjuration/Fire             1
   b - Throw Flame                    Conjuration/Fire             2
   c - Conjure Flame                  Conjuration/Fire             3
   d - Inner Flame                    Hexes/Fire                   3
   e - Sticky Flame                   Conjuration/Fire             4
   f - Fireball                       Conjuration/Fire             5


   Skills:
 + Level 1.9 Fighting
 + Level 2.6 Short Blades
 + Level 1.7 Armour
 - Level 2.1 Dodging
 - Level 3.0 Stealth
 + Level 3.4 Spellcasting
 - Level 0.6 Conjurations
 + Level 3.4 Fire Magic


You had 4 spell levels left.
You knew the following spells:

 Your Spells              Type           Power        Failure   Level  Hunger
a - Flame Tongue          Conj/Fire      ##...        12%         1    None
b - Throw Flame           Conj/Fire      ##....       17%         2    ##.....
c - Sticky Flame          Conj/Fire      ##......     90%         4    ####...


Dungeon Overview and Level Annotations

Branches:
Dungeon (4/15)
 Temple: D:4-7

Altars:

Annotations:
D:4 Eustachio; gw's ghost, average HuFi


Innate Abilities, Weirdness & Mutations

You can bottle blood from corpses.
You have razor-sharp teeth.
You have supernaturally acute eyesight.
You can survive without breathing.
You are partially covered in rugged brown scales (AC +1, +3% HP).


Message History

Casting: Flame Tongue
Confirm with . or Enter, or press ? or * to list all spells.
Aiming: Flame Tongue
Press: ? - help, Shift-Dir - straight line, f - rat
Aim: a rat The flame tongue hits the rat.
You kill the rat!
The bat hits you but does no damage. Gw's ghost closely misses you.
Unknown command.
Unknown command.
Unknown command.
Unknown command.
Casting: Flame Tongue
Confirm with . or Enter, or press ? or * to list all spells.
Aiming: Flame Tongue
Press: ? - help, Shift-Dir - straight line, f - gw's ghost
Aim: gw's ghost The flame tongue hits gw's ghost.
Gw's ghost appears unharmed.
The bat closely misses you. Gw's ghost hits you!
You die...

#.........).(>....
#..............!..
#.................
#..............[..
#.................
#........$........
#.................
#%W...............
#Vb...............
####.......... .
#..<.... .b..>.
...... ..... .


You could see gw's ghost and a bat.

Table legend:
 A = Turns spent in this place as a percentage of turns spent in the entire game.
 B = Non-inter-level travel turns spent in this place as a percentage of non-inter-level travel turns spent in the entire game.
 C = Inter-level travel turns spent in this place as a percentage of turns spent in this place.
 D = Turns resting spent in this place as a percentage of non-inter-level travel turns spent in this place.
 E = Turns spent auto-exploring this place as a percentage of non-inter-level travel turns spent in this place.
 F = Non-inter-level travel turns spent in this place divided by the number of levels of this place that you've seen.
                   A       B       C       D       E      F
               +-------+-------+-------+-------+-------+----------------------
         Total | 100.0 | 100.0 |   0.7 |   3.0 |   2.5 | 1822.0
       Dungeon | 100.0 | 100.0 |   0.7 |   3.0 |   2.5 | 1822.0
               +-------+-------+-------+-------+-------+----------------------

Table legend:
 A = Kills in this place as a percentage of kills in entire the game.
 B = Kills by you in this place as a percentage of kills by you in the entire game.
 C = Kills by friends in this place as a percentage of kills by friends in the entire game.
 D = Other kills in this place as a percentage of other kills in the entire game.
 E = Experience gained in this place as a percentage of experience gained in the entire game.
 F = Experience gained in this place divided by the number of levels of this place that you have seen.
                   A       B       C       D       E      F
               +-------+-------+-------+-------+-------+----------------------
         Total | 100.0 | 100.0 |  -nan |  -nan | 100.0 | 106.2
       Dungeon | 100.0 | 100.0 |  -nan |  -nan | 100.0 | 106.2
               +-------+-------+-------+-------+-------+----------------------

Vanquished Creatures
  An ogre (D:4)
  8 adders
  A giant mite (D:2)
  6 worms
  A giant gecko (D:1)
  4 oozes
  6 orcs (D:3)
  7 bats
  3 giant cockroaches
  9 goblins
  9 hobgoblins
  3 jackals (D:2)
  2 quokkas
  A ball python (D:1)
  A giant gecko skeleton (D:4)
  5 giant newts
  14 kobolds
  15 rats
96 creatures vanquished.

Notes
Turn   | Place    | Note
--------------------------------------------------------------
     0 | D:1      | gw, the Vampire Fire Elementalist, began the quest for the Orb.
     0 | D:1      | Reached XP level 1. HP: 13/13 MP: 3/3
   215 | D:1      | Reached XP level 2. HP: 19/19 MP: 2/4
   241 | D:1      | Learned a level 2 spell: Throw Flame
  1293 | D:1      | Reached skill level 1 in Short Blades
  1379 | D:1      | Reached XP level 3. HP: 25/25 MP: 3/6
  1543 | D:1      | Gained mutation: You are partially covered in rugged brown scales (AC +1, +3% HP). [potion of beneficial mutation]
  2787 | D:2      | Reached XP level 4. HP: 31/31 MP: 0/8
  2863 | D:2      | Learned a level 4 spell: Sticky Flame
  3229 | D:2      | Reached skill level 1 in Armour
  3406 | D:2      | Reached skill level 1 in Fighting
  4010 | D:2      | Learned a level 2 spell: Throw Flame
  4627 | D:3      | Reached XP level 5. HP: 38/38 MP: 8/11
  7041 | D:4      | Noticed an ogre
  7048 | D:4      | Killed an ogre
  7048 | D:4      | Reached XP level 6. HP: 45/45 MP: 1/13
  7261 | D:4      | Noticed Eustachio
  7275 | D:4      | Noticed gw's ghost (average HuFi)
  7308 | D:4      | Slain by gw's ghost

Action                   |  1- 3 |  4- 6 || total
-------------------------+-------+-------++-------
Melee: Dagger            |    22 |     9 ||    31
Throw: Stone             |    83 |    33 ||   116
       Tomahawk          |       |     5 ||     5
 Cast: Flame Tongue      |    34 |    51 ||    85
       Throw Flame       |    34 |    84 ||   118
  Use: Potion            |     4 |     7 ||    11
       Scroll            |     3 |     6 ||     9
  Eat: Corpse            |     3 |    18 ||    21

Vault maps used:
D:1:      lemuel_arrival_lava_pool, dk_noncrumbling_3, st_stairs_4
D:2:      first_bread
D:3:      small_statue_intersection
D:4:      lemuel_doored_altar, kiku_gazebo_garden_becter, grunt_ministairs_11,
          uniq_eustachio, uniq_natasha
